 Dungeon Crawl Stone Soup version 0.30.1 (webtiles) character file.

Game seed: 18151378006553013825

95583 AiryTheDragon the Arsonist (level 15, -1/98 (103) HPs)
             Began as a Demonspawn Fire Elementalist on July 1, 2023.
             Was a High Priest of Jiyva.
             Slain by an air elemental (10 damage)
             ... while paralysed by an air elemental
             ... on level 3 of the Elven Halls.
             The game lasted 05:51:45 (12294 turns).

AiryTheDragon the Arsonist (DsFE)                  Turns: 12294, Time: 05:51:45

HP:   -1/98 (103)   AC:  9    Str: 10    XL:     15   Next: 66%
MP:   0/28          EV:  2    Int: 29    God:    Jiyva [*****.]
Gold: 934           SH:  0    Dex: 17    Spells: 8/33 levels left

rFire   + . .        C - +7 falchion (elec)
rCold   . . .        M - +0 kite shield
rNeg    . . .        o - +2 robe {rF+}
rPois   .            v - +2 helmet
rElec   .            (cloak unavailable)
rCorr   +            (no gloves)
SInv    +            X - +0 pair of boots
Will    +....        F - amulet of reflection
Stlth   ++           y - +6 ring of dexterity
HPRegen 2.60/turn    V - ring of Shadows {Umbra +Inv Stlth+}
MPRegen 0.87/turn

%: reflection, guardian spirit
@: paralysed, contaminated, glowing, lightly drained
A: repulsion field 2, powered by death 2, magic shield, magic regeneration,
corrupting presence 1, weakness stinger 3, see invisible, clever 2, regeneration
1, teleportitis 1, engulf
a: Renounce Religion, Evoke Invisibility, Oozemancy, Slimify


You were on level 3 of the Elven Halls.
You worshipped Jiyva.
Jiyva was extremely pleased with you.
You visited 5 branches of the dungeon, and saw 18 of its levels.
You visited the Abyss 1 time.
You also visited: Ossuary, Bailey and Ice Cave.

You collected 1846 gold pieces.
You spent 912 gold pieces at shops.

Inventory:

Hand Weapons
 p - the +5 glaive of Zin's Fury {protect, Fragile Will+ Dex+5}
   (You found it on level 1 of the Elven Halls)

   Dex:       It affects your dexterity (+5).
   Fragile:   It will be destroyed if unequipped.
   Will:      It increases your willpower.
 u - a +2 vampiric scimitar
 C - a +7 falchion of electrocution (weapon)
 D - a +4 heavy broad axe
 J - a +4 glaive of venom
 T - a +5 halberd of freezing
Missiles
 g - 22 boomerangs
 B - a throwing net
Armour
 f - +0 ice dragon scales
 k - the +4 ring mail of the Wheelwright {Will- Str+5 Dex+3}
   (You found it on level 1 of the Elven Halls)

   Str:       It affects your strength (+5).
   Dex:       It affects your dexterity (+3).
   Will:      It decreases your willpower.
 l - a +2 robe of cold resistance
 o - a +2 robe of fire resistance (worn)
 v - a +2 helmet (worn)
 M - a +0 kite shield (worn)
 N - +0 acid dragon scales
 R - +0 steam dragon scales
 X - a +0 pair of boots (worn)
 Y - +2 fire dragon scales
Magical Staves
 a - a staff of cold
 d - the staff of fire "Bunaf" {rF+ SInv}
   (You found it on level 10 of the Dungeon)

   [staff of fire]

   Base accuracy: +5 Base damage: 5 Base attack delay: 1.2 This weapon's minimum
   attack delay (0.6) is reached at skill level 12.
   rF:        It protects you from fire.
   SInv:      It lets you see invisible.
   It falls into the 'Staves' category.
   It is a one-handed weapon.
Jewellery
 y - a +6 ring of dexterity (left hand)
 A - a ring of protection from cold
 F - an amulet of reflection (around neck)
 V - the ring of Shadows (right hand) {Umbra +Inv Stlth+}
   (You found it on level 10 of the Dungeon)

   [ring of stealth]

   Umbra:     It surrounds you with an aura of shadow, increasing your stealth
   and reducing the accuracy of all others within it.
   +Inv:      It lets you turn invisible.
   Stlth:     It makes you more stealthy.
Wands
 h - a wand of iceblast (5)
 P - a wand of flame (17)
 S - a wand of polymorph (5)
Scrolls
 i - 3 scrolls of teleportation
 j - a scroll of butterflies
 q - 3 scrolls of amnesia
 t - 2 scrolls of poison
 E - 7 scrolls of fear
 H - a scroll of magic mapping
 L - 2 scrolls of immolation
 O - a scroll of fog
 Q - a scroll of identify
Potions
 b - 3 potions of magic
 c - 7 potions of curing
 e - 3 potions of flight
 m - 2 potions of lignification
 r - 6 potions of might
 s - a potion of haste
 w - 5 potions of ambrosia
 x - a potion of mutation
 z - 2 potions of brilliance
 I - a potion of invisibility
 K - 2 potions of cancellation
Miscellaneous
 n - a phantom mirror (inert)
 W - a phial of floods (inert)
 Z - a box of beasts


   Skills:
 + Level 5.2 Fighting
 + Level 6.0 Long Blades
 + Level 1.0 Axes
 + Level 4.2 Staves
 * Level 6.9 Armour
 + Level 6.0 Dodging
 + Level 3.4 Stealth
 + Level 5.3 Shields
 + Level 9.5 Spellcasting
 + Level 5.4 Conjurations
 * Level 5.2 Summonings
 + Level 5.6 Necromancy
 * Level 7.0 Translocations
 + Level 8.1 Transmutations
 * Level 10.4 Fire Magic
 + Level 3.1 Ice Magic
 + Level 3.6 Air Magic
 + Level 8.5 Poison Magic
 * Level 7.1 Evocations


You had 8 spell levels left.
You knew the following spells:

 Your Spells              Type           Power      Damage    Failure   Level
a - Foxfire               Conj/Fire      100%       2x1d9     1%          1
b - Scorch                Fire           100%       2d9       1%          2
c - Sting                 Tmut/Pois      100%       1d8       1%          1
d - Flame Wave            Conj/Fire      56%        2d13      6%          4
e - Poisonous Vapours     Pois/Air       96%        N/A       1%          2
f - Volatile Blastmotes   Fire/Tloc      100%       2d18      1%          3
g - Olgreb's Toxic Radia  Pois           58%        N/A       4%          4
h - Summon Small Mammal   Summ           100%       N/A       1%          1
i - Confusing Touch       Hex            13%        N/A       43%         3
j - Dispel Undead         Necr           46%        3d18      16%         4

Your spell library contained the following spells:

 Spells                   Type           Power      Damage    Failure   Level
 Apportation              Tloc           100%       N/A       1%          1
 Kiss of Death            Conj/Necr      100%       2d13      1%          1
 Necrotise                Necr           100%       1d9       1%          1
 Inner Flame              Hex/Fire       44%        N/A       5%          3
 Animate Dead             Necr           46%        N/A       16%         4
 Leda's Liquefaction      Hex/Erth       6%         N/A       83%         4
 Lee's Rapid Deconstruct  Erth           6%         3d6*      99%         5
 Statue Form              Tmut/Erth      24%        N/A       99%         6
 Haunt                    Necr/Summ      22%        N/A       100%        7
 Infestation              Necr           23%        N/A       100%        8


Dungeon Overview and Level Annotations

Branches:
Dungeon (10/15)            Temple (1/1) D:4            Lair (2/5) D:10
 Spider (0/4) Lair:2          Orc (2/2) D:9             Elf (3/3) Orc:2
Ossuary (visited)          Bailey (visited)           IceCv (visited)
  Swamp: Lair:2-3    Shoals: Lair:2-3

Altars:
Ashenzari
Cheibriados
Dithmenos
Fedhas
Gozag
Hepliaklqana
Kikubaaqudgha
Makhleb
Nemelex Xobeh
Okawaru
Qazlal
Ru
Sif Muna
Trog
Uskayaw
Vehumet
Wu Jian
Xom
Yredelemnul
Jiyva

Shops:
D:8 =   Orc:2 =[((   Elf:2 !

Annotations:
D:3 Natasha


Innate Abilities, Weirdness & Mutations

You are surrounded by a moderate repulsion field. (EV +3)
You regenerate health from kills.
When hurt, damage is shared between your health and your magic reserves.
You regenerate magic rapidly.
Your presence sometimes corrodes those you injure.
You have a sharp stinger which inflicts weakening toxins.
You have supernaturally acute eyesight. (SInv)
Your mind is very acute. (Int +8, Str/Dex -2)
Your natural rate of healing is unusually fast.
You are occasionally teleported next to monsters.
Your melee attacks may engulf your foes in ooze.


Message History

The stunning burst hits your butterfly.
Your butterfly dies!
Your butterfly disappears in a burst of colours!
The stunning burst hits your butterfly!!
Your butterfly dies!
Your butterfly disappears in a burst of colours!
The deep elf blademaster barely misses your butterfly.
The deep elf blademaster hits your butterfly with a +0 rapier!!
Your butterfly dies!
Your butterfly disappears in a burst of colours!
The air elemental completely misses your butterfly.
The deep elf blademaster hits your butterfly with a +0 rapier!!
Your butterfly dies!
Your butterfly disappears in a burst of colours!
An earth elemental comes into view.
Your body shudders with the violent release of wild energies!
You feel weirdly uncertain.
Casting: Flame Wave (dangerous; 6% risk of failure)
Confirm with . or Enter, or press ? or * to list all spells.
Okay, then.
You feel better.
The air elemental misses your butterfly.
You swap places.
The air elemental fires a burst of electricity at you.
The stunning burst hits your butterfly!!
Your butterfly dies!
Your butterfly disappears in a burst of colours!
The stunning burst hits you!
You suddenly lose the ability to move!
* * * LOW HITPOINT WARNING * * *
The stunning burst hits your butterfly!
Your butterfly dies!
Your butterfly disappears in a burst of colours!
The stunning burst hits your butterfly.
Your butterfly dies!
Your butterfly disappears in a burst of colours!
Something hits your butterfly!!
Your butterfly dies!
Your butterfly disappears in a burst of colours!
The air elemental hits you!
You die... ............ #Ee

.#.#.#.#.#.#+## #)e
..........#...#
#ยง#
#.#.#.#.#.....###
#######.#
................#
#........
.#.#.#.#)...b...#
##....)#.
..........E.b.b.#
##...##.
#.#.#.#......b.b##
##''# .
.......#######bb@##
########..# .
########
#bbbE###.........#
#
#bbbb.'e.........#
#bbbb.)..####.##.#
##b..##### #.##.#
##.## #.##+# #+#
#.# #.# #.#


You could see an earth elemental and an air elemental (ally target).

Vanquished Creatures
  3 deep elf sorcerers (Elf:3)
  An orc warlord (Bailey)
  A very ugly thing (Elf:1)
  2 deep elf annihilators (Elf:3)
  3 deep elf demonologists
  A deep elf death mage (Elf:3)
  A fire dragon (D:10)
  A hydra (D:10)
  An ice dragon (IceCv)
  9 two-headed ogres
  A catoblepas (Lair:1)
  7 dancing weapons
  A tengu warrior (D:10)
  5 deep elf knights
  An orc knight (Orc:1)
  18 deep elf pyromancers
  10 deep elf zephyrmancers
  A cyclops (D:8)
  3 manticores (D:10)
  A worldbinder (Abyss:3)
  7 orc sorcerers
  An apocalypse crab (Elf:1)
  2 black mambas (Lair:1)
  2 cane toads (Lair:1)
  Maggie (D:7)
  2 ice statues (IceCv)
  An unseen horror (shapeshifter) (Elf:3)
  5 rime drakes
  3 komodo dragons
  A troll (D:10)
  4 polar bears (Orc:2)
  A queen bee (Lair:1)
  3 large abominations (Abyss:3)
  5 blink frogs (Lair:1)
  4 raiju (Abyss:3)
  3 flying skulls (Abyss:3)
  A water elemental (Elf:2)
  A wraith (D:9)
  26 yaks
  A ynoxinul (Abyss:3)
  A shadow (D:10)
  A steam dragon (D:10)
  3 wyverns
  2 fire elementals (Elf:3)
  A neqoxec (Abyss:3)
  Menkaure (D:7)
  9 wargs
  An acid dragon (D:9)
  2 hell hounds (Orc:1)
  12 water moccasins
  A black bear (D:10)
  17 orc warriors
  2 ice beasts (D:6)
  4 ogres
  7 wolves
  3 small abominations (Abyss:3)
  3 centaurs
  2 kobold brigands (D:9)
  A gnoll sergeant (D:7)
  8 bullfrogs
  A scorpion (D:5)
  An earth elemental (Elf:1)
  8 wights
  3 lindwurm simulacra (IceCv)
  28 killer bees
  3 electric eels
  A howler monkey (D:10)
  A crimson imp (Abyss:3)
  2 komodo dragon simulacra (IceCv)
  4 orc priests
  2 sleepcaps
  3 starcursed masses (Abyss:3)
  3 iguanas
  33 orc wizards
  8 mummies (Ossuary)
  4 gnolls
  7 acid dragon simulacra (IceCv)
  7 adders
  A shadow imp (D:6)
  2 white imps
  6 steam dragon simulacra (IceCv)
  3 dart slugs
  76 orcs
  2 endoplasms (D:1)
  A giant cockroach (D:2)
  2 gnoll zombies (Ossuary)
  11 goblins
  3 hobgoblins
  9 jackals
  16 kobolds
  4 quokkas
  3 ball pythons
  3 bats
  2 frilled lizards
  3 hobgoblin zombies (Ossuary)
  2 kobold zombies (Ossuary)
  An orc zombie (Ossuary)
  A rat (D:1)
  2 foxfires (Elf:1)
498 creatures vanquished.

Vanquished Creatures (collateral kills)
  A hellephant (Elf:1)
  Roxanne (Elf:1)
  3 very ugly things (Elf:1)
  A reaper (Abyss:3)
  The ghost of nroviw the Severer, a journeyman MiFi of Okawaru (Orc:1)
  Snorg (Orc:2)
  A boulder beetle (D:10)
  3 dancing weapons
  2 deep elf zephyrmancers
  3 deep elf pyromancers
  An orc sorcerer (Orc:2)
  A hornet (D:10)
  An ancient zyme (Abyss:3)
  An air elemental (Elf:1)
  An orc warrior (Orc:1)
  An ogre (Orc:2)
  2 lindwurm simulacra (IceCv)
  4 orc wizards
  An acid dragon simulacrum (IceCv)
  A foxfire (D:2)
31 creatures vanquished.

Vanquished Creatures (others)
  A quicksilver ooze (shapeshifter) (Elf:1)
  2 great orbs of eyes (shapeshifter) (Elf:1)
  A dancing weapon (Elf:1)
  A boulder beetle (shapeshifter) (Elf:1)
  A glowing orange brain (shapeshifter) (Elf:1)
  4 deep elf pyromancers
  A cyclops (shapeshifter) (Elf:1)
  A guardian serpent (shapeshifter) (Elf:1)
  A slime creature (Elf:3)
  A snapping turtle (shapeshifter) (Elf:1)
  A slime creature (shapeshifter) (Elf:1)
  A floating eye (shapeshifter) (Elf:1)
  A bullfrog (D:6)
  A wight (D:6)
  38 jellies
  A jelly (shapeshifter) (Elf:1)
  A gnoll bouda (D:6)
  A hound (D:6)
  2 orc wizards (Orc:2)
  3 gnolls (D:6)
  3 adders
  A dart slug (D:3)
  4 orcs
  3 endoplasms
  A goblin (D:4)
  3 jackals (D:4)
  5 kobolds
  5 ball pythons
  365 foxfires
  A lurking horror (Abyss:3)
455 creatures vanquished.

Grand Total: 984 creatures vanquished

Notes
Turn   | Place    | Note
-------+----------+-------------------------------------------
     0 | D:1      | AiryTheDragon the Demonspawn Fire Elementalist began the
                  | quest for the Orb.
     0 | D:1      | Reached XP level 1. HP: 13/13 MP: 3/3
   171 | D:1      | Reached skill level 3 in Fire Magic
   226 | D:1      | Gained mutation: You are surrounded by a mild repulsion
                  | field. (EV +2) [demonic ancestry]
   226 | D:1      | Reached XP level 2. HP: 14/19 MP: 5/5
   266 | D:1      | Learned a level 2 spell: Scorch
   500 | D:1      | Found a faded altar of an unknown god.
   518 | D:1      | Prayed at the altar of an unknown god.
   518 | D:1      | Became a worshipper of Jiyva Jiall the Shapeless
   518 | D:1      | Reached * piety under Jiyva
   802 | D:2      | Reached skill level 1 in Long Blades
   860 | D:2      | Gained mutation: You have a small tail. [demonic ancestry]
   860 | D:2      | Reached XP level 3. HP: 24/24 MP: 6/6
   877 | D:2      | You fall into a shaft and drop 1 floor!
   925 | D:3      | Learned a level 1 spell: Sting
   986 | D:3      | Reached ** piety under Jiyva
  1024 | D:3      | Found a stormy altar of Qazlal.
  1024 | D:3      | Noticed Natasha
  1156 | D:4      | Found Laghuucko's Magic Scroll Shop.
  1176 | D:4      | Bought 3 scrolls of identify for 72 gold pieces
  1176 | D:4      | Bought a scroll of poison for 48 gold pieces
  1176 | D:4      | Bought a scroll of teleportation for 36 gold pieces
  1176 | D:4      | Bought a scroll of identify for 24 gold pieces
  1233 | D:4      | Found a staircase to the Ecumenical Temple.
  1283 | D:4      | Reached XP level 4. HP: 30/30 MP: 2/7
  1293 | D:4      | Found a sand-covered staircase.
  1301 | Ossuary  | Entered an ossuary
  1339 | Ossuary  | Reached skill level 1 in Fighting
  1382 | Ossuary  | Gained mutation: You regenerate magic rapidly. [demonic
                  | ancestry]
  1382 | Ossuary  | Reached XP level 5. HP: 37/37 MP: 0/8
  1417 | Ossuary  | Reached skill level 1 in Transmutations
  1647 | D:4      | Reached skill level 1 in Axes
  1903 | D:4      | Reached *** piety under Jiyva
  2098 | Temple   | Entered the Ecumenical Temple
  2282 | D:4      | Bought a scroll of enchant weapon for 90 gold pieces
  2282 | D:4      | Bought a scroll of poison for 48 gold pieces
  2282 | D:4      | Bought a scroll of fear for 48 gold pieces
  2293 | D:5      | Entered Level 5 of the Dungeon
  2346 | D:5      | Reached XP level 6. HP: 43/43 MP: 5/10
  2403 | D:5      | Reached skill level 4 in Fire Magic
  2403 | D:5      | Reached skill level 1 in Poison Magic
  2514 | D:5      | Learned a level 4 spell: Flame Wave
  2550 | D:5      | Reached **** piety under Jiyva
  2710 | D:6      | Gained mutation: You are robust. (+10% HP) [Jiyva's grace]
  2710 | D:6      | Gained mutation: You are very robust. (+20% HP) [Jiyva's
                  | grace]
  2710 | D:6      | Gained mutation: You are extremely robust. (+30% HP)
                  | [Jiyva's grace]
  2710 | D:6      | Gained mutation: Your flesh is heat resistant. (rF+)
                  | [Jiyva's grace]
  2885 | D:6      | Noticed a wyvern
  2895 | D:6      | Killed a wyvern
  2896 | D:6      | Reached XP level 7. HP: 62/62 MP: 3/12
  3255 | D:6      | Reached skill level 1 in Armour
  3467 | D:6      | Found a snail-covered altar of Cheibriados.
  3866 | D:7      | Gained mutation: You have a tail ending in a sharp stinger.
                  | [demonic ancestry]
  3866 | D:7      | Reached XP level 8. HP: 70/70 MP: 12/14
  3869 | D:7      | Learned a level 2 spell: Poisonous Vapours
  3873 | D:7      | Learned a level 3 spell: Volatile Blastmotes
  3919 | D:7      | Noticed a slime creature
  3941 | D:7      | Noticed Menkaure
  3945 | D:7      | Killed Menkaure
  3946 | D:7      | Reached skill level 5 in Fire Magic
  3993 | D:7      | Noticed Maggie
  4018 | D:7      | Killed Maggie
  4067 | D:7      | Reached skill level 5 in Spellcasting
  4173 | D:7      | Found a flagged portal.
  4193 | Bailey   | Entered a bailey
  4203 | Bailey   | Noticed an orc warlord
  4208 | Bailey   | Reached skill level 5 in Poison Magic
  4274 | Bailey   | Gained mutation: When hurt, damage is shared between your
                  | health and your magic reserves. [demonic ancestry]
  4274 | Bailey   | Reached XP level 9. HP: 55/79 MP: 13/16
  4290 | Bailey   | Found a runed translucent gate.
  4290 | Bailey   | Found a runed translucent gate.
  4305 | Bailey   | Found a runed translucent gate.
  4400 | Bailey   | Killed an orc warlord
  4401 | Bailey   | Reached skill level 1 in Shields
  4401 | Bailey   | Reached skill level 6 in Fire Magic
  4401 | Bailey   | Gained mutation: You have a sharp stinger which inflicts
                  | weakening toxins. [demonic ancestry]
  4401 | Bailey   | Reached XP level 10. HP: 40/92 MP: 2/19
  4402 | Bailey   | Reached skill level 7 in Fire Magic
  4402 | Bailey   | Gained mutation: You regenerate a little health from kills.
                  | [demonic ancestry]
  4402 | Bailey   | Reached XP level 11. HP: 46/101 MP: 2/21
  4431 | Bailey   | Gained mutation: You regenerate health from kills. [demonic
                  | ancestry]
  4431 | Bailey   | Reached XP level 12. HP: 98/109 MP: 22/22
  4858 | D:7      | Learned a level 4 spell: Olgreb's Toxic Radiance
  5081 | D:8      | Found an ancient bone altar of Kikubaaqudgha.
  5083 | D:8      | Found a shimmering altar of Xom.
  5156 | D:8      | Found Seyzaese's Jewellery Shop.
  5258 | D:8      | Lost mutation: Your flesh is heat resistant. (rF+) [Jiyva's
                  | grace]
  5258 | D:8      | Lost mutation: You are extremely robust. (+30% HP) [Jiyva's
                  | grace]
  5258 | D:8      | Lost mutation: You are very robust. (+20% HP) [Jiyva's
                  | grace]
  5258 | D:8      | Lost mutation: You are robust. (+10% HP) [Jiyva's grace]
  5258 | D:8      | Gained mutation: Your translucent skin slightly reduces
                  | your foes' accuracy. (Stealth+) [Jiyva's grace]
  5258 | D:8      | Gained mutation: Your translucent skin reduces your foes'
                  | accuracy. (Stealth+) [Jiyva's grace]
  5258 | D:8      | Gained mutation: Your transparent skin significantly
                  | reduces your foes' accuracy. (Stealth+) [Jiyva's grace]
  5258 | D:8      | Gained mutation: You possess an exceptional clarity of
                  | mind. [Jiyva's grace]
  5492 | D:8      | Found a sparkling altar of Nemelex Xobeh.
  5657 | D:8      | Found a burning altar of Makhleb.
  6002 | D:9      | Found a staircase to the Orcish Mines.
  6288 | D:9      | Reached ***** piety under Jiyva
  6400 | D:9      | Reached skill level 8 in Fire Magic
  6589 | D:10     | Entered Level 10 of the Dungeon
  6615 | D:10     | Found a bloodstained altar of Trog.
  6670 | D:10     | Noticed a boulder beetle
  6670 | D:10     | Noticed a six-headed hydra
  6670 | D:10     | Noticed a tengu warrior
  6674 | D:10     | Killed a seven-headed hydra
  6678 | D:10     | Killed a tengu warrior
  6681 | D:10     | Noticed a fire dragon
  6683 | D:10     | Reached skill level 5 in Long Blades
  6689 | D:10     | Killed a fire dragon
  6692 | D:10     | Killed a boulder beetle
  6693 | D:10     | Reached XP level 13. HP: 59/90 MP: 10/24
  6713 | D:10     | Found the ring of Shadows {Umbra +Inv Stlth+}
  6715 | D:10     | Identified the staff of fire "Bunaf" {rF+ SInv}
  6773 | D:10     | Reached skill level 5 in Armour
  6789 | D:10     | Reached skill level 5 in Necromancy
  6879 | D:10     | Found a hazy altar of Hepliaklqana.
  6891 | D:10     | Lost mutation: You possess an exceptional clarity of mind.
                  | [Jiyva's grace]
  6891 | D:10     | Gained mutation: Your muscles are strong. (Str +4, Int/Dex
                  | -1) [Jiyva's grace]
  6891 | D:10     | Gained mutation: Your muscles are very strong. (Str +8,
                  | Int/Dex -2) [Jiyva's grace]
  6891 | D:10     | Gained mutation: You possess an exceptional clarity of
                  | mind. [Jiyva's grace]
  6891 | D:10     | Gained mutation: You have sharp toenails. [Jiyva's grace]
  7198 | D:10     | Found a staircase to the Lair.
  7360 | Lair:1   | Entered Level 1 of the Lair of Beasts
  7415 | Lair:1   | Lost mutation: You have sharp toenails. [potion of
                  | mutation]
  7415 | Lair:1   | Lost mutation: Your muscles are very strong. (Str +8,
                  | Int/Dex -2) [potion of mutation]
  7415 | Lair:1   | Lost mutation: You possess an exceptional clarity of mind.
                  | [potion of mutation]
  7415 | Lair:1   | Gained mutation: You have sharp toenails. [potion of
                  | mutation]
  7415 | Lair:1   | Gained mutation: Your magical capacity is low. (-10% MP)
                  | [potion of mutation]
  7415 | Lair:1   | Gained mutation: Your muscles are very strong. (Str +8,
                  | Int/Dex -2) [potion of mutation]
  7441 | Lair:1   | You fall into a shaft and drop 1 floor!
  7732 | Lair:1   | Reached skill level 5 in Dodging
  7808 | Lair:1   | Lost mutation: Your transparent skin significantly reduces
                  | your foes' accuracy. (Stealth+) [potion of mutation]
  7808 | Lair:1   | Lost mutation: Your muscles are very strong. (Str +8,
                  | Int/Dex -2) [potion of mutation]
  7808 | Lair:1   | Gained mutation: Potions are less effective at restoring
                  | your health. [potion of mutation]
  7808 | Lair:1   | Gained mutation: You are partially covered in large bone
                  | plates. (SH +4) [potion of mutation]
  7809 | Lair:1   | Lost mutation: Your magical capacity is low. (-10% MP)
                  | [potion of mutation]
  7809 | Lair:1   | Lost mutation: Your translucent skin reduces your foes'
                  | accuracy. (Stealth+) [potion of mutation]
  7809 | Lair:1   | Gained mutation: You have hidden genetic defects. [potion
                  | of mutation]
  7809 | Lair:1   | Gained mutation: You are covered in fur. (AC +1) [potion of
                  | mutation]
  7809 | Lair:1   | Gained mutation: Your system is resistant to poisons.
                  | (rPois) [potion of mutation]
  7810 | Lair:1   | Lost mutation: Your muscles are strong. (Str +4, Int/Dex
                  | -1) [potion of mutation]
  7810 | Lair:1   | Lost mutation: Potions are less effective at restoring your
                  | health. [potion of mutation]
  7810 | Lair:1   | Lost mutation: You are partially covered in large bone
                  | plates. (SH +4) [potion of mutation]
  7810 | Lair:1   | Lost mutation: You have sharp toenails. [potion of
                  | mutation]
  7810 | Lair:1   | Gained mutation: Your muscles are strong. (Str +4, Int/Dex
                  | -1) [potion of mutation]
  7850 | Lair:1   | Lost mutation: You are covered in fur. (AC +1) [potion of
                  | mutation]
  7850 | Lair:1   | Lost mutation: Your translucent skin slightly reduces your
                  | foes' accuracy. (Stealth+) [potion of mutation]
  7850 | Lair:1   | Gained mutation: You are frail. (-10% HP) [potion of
                  | mutation]
  7850 | Lair:1   | Gained mutation: You are vulnerable to heat. (rF-) [potion
                  | of mutation]
  7850 | Lair:1   | Gained mutation: You are vulnerable to cold. (rC-) [potion
                  | of mutation]
  7850 | Lair:1   | Gained mutation: You are partially covered in large bone
                  | plates. (SH +4) [potion of mutation]
  8069 | Lair:1   | Learned a level 1 spell: Summon Small Mammal
  8269 | Lair:1   | Reached ****** piety under Jiyva
  8395 | Lair:1   | Gained mutation: You have terrible hidden genetic defects.
                  | [hidden defects]
  8609 | Orc:1    | Entered Level 1 of the Orcish Mines
  8643 | Orc:1    | Lost mutation: You are frail. (-10% HP) [Jiyva's grace]
  8643 | Orc:1    | Lost mutation: You have terrible hidden genetic defects.
                  | [Jiyva's grace]
  8643 | Orc:1    | Gained mutation: You have a small jelly attached to you
                  | that senses nearby items. [Jiyva's grace]
  8643 | Orc:1    | Gained mutation: Your natural rate of healing is unusually
                  | fast. [Jiyva's grace]
  8643 | Orc:1    | Gained mutation: You heal very quickly. [Jiyva's grace]
  8643 | Orc:1    | Gained mutation: You regenerate. [Jiyva's grace]
  8701 | Orc:1    | Reached skill level 1 in Summonings
  8949 | Orc:2    | Entered Level 2 of the Orcish Mines
  9010 | Orc:2    | Noticed Snorg
  9011 | Orc:2    | Reached skill level 5 in Fighting
  9016 | Orc:2    | Paralysed by an orc sorcerer for 2 turns
  9020 | Orc:2    | Killed Snorg
  9021 | Orc:2    | Reached skill level 9 in Fire Magic
  9026 | Orc:2    | Lost mutation: Your muscles are strong. (Str +4, Int/Dex
                  | -1) [hidden defects]
  9026 | Orc:2    | Lost mutation: You have hidden genetic defects. [hidden
                  | defects expressed]
  9027 | Orc:2    | Paralysed by an orc sorcerer for 5 turns
  9028 | Orc:2    | Gained mutation: You are surrounded by a moderate repulsion
                  | field. (EV +3) [demonic ancestry]
  9028 | Orc:2    | Reached XP level 14. HP: 75/96 MP: 5/26
  9051 | Orc:2    | Reached skill level 5 in Translocations
  9161 | Orc:2    | Found Wadesycaph's Jewellery Emporium.
  9161 | Orc:2    | Found Saoraw's Armour Shop.
  9201 | Orc:2    | Found Sufoiph's Weapon Emporium.
  9201 | Orc:2    | Found Bachior's Weapon Shop.
  9209 | Orc:2    | Found a staircase to the Elven Halls.
  9229 | Orc:2    | Found a frozen archway.
  9237 | Orc:2    | Reached skill level 5 in Evocations
  9252 | IceCv    | Entered an ice cave
  9374 | IceCv    | Reached skill level 5 in Conjurations
  9536 | IceCv    | Identified the amulet "Iffauf" {Spirit Int+3}
  9813 | Orc:1    | Noticed nroviw's ghost (journeyman MiFi)
  9814 | Orc:1    | Found a transporter.
  9851 | Orc:1    | Found a transporter.
  9860 | Orc:1    | Reached skill level 1 in Staves
  9898 | Orc:1    | Killed nroviw's ghost
 10053 | Elf:1    | Entered Level 1 of the Elven Halls
 10183 | Elf:1    | Paralysed by an air elemental for 1 turns
 10322 | Elf:1    | Killed a quicksilver ooze
 10430 | Elf:1    | Noticed Roxanne
 10448 | Elf:1    | Killed Roxanne
 10759 | Elf:1    | Found a huge runed gate.
 10759 | Elf:1    | Found a huge runed gate.
 10759 | Elf:1    | Found a huge runed gate.
 10759 | Elf:1    | Found a huge runed gate.
 10759 | Elf:1    | Found a huge runed gate.
 10760 | Elf:1    | Found a huge runed gate.
 10760 | Elf:1    | Found a huge runed gate.
 10760 | Elf:1    | Found a huge runed gate.
 10760 | Elf:1    | Found a huge runed gate.
 10761 | Elf:1    | Found a huge runed gate.
 10762 | Elf:1    | Found a huge runed gate.
 10762 | Elf:1    | Found a huge runed gate.
 10763 | Elf:1    | Found a huge runed gate.
 10764 | Elf:1    | Found a huge runed gate.
 10765 | Elf:1    | Found a huge runed gate.
 10780 | Elf:1    | Found a huge runed gate.
 10780 | Elf:1    | Found a huge runed gate.
 10780 | Elf:1    | Found a huge runed gate.
 10780 | Elf:1    | Found a huge runed gate.
 10780 | Elf:1    | Found a huge runed gate.
 10780 | Elf:1    | Found a huge runed gate.
 10781 | Elf:1    | Found a huge runed gate.
 11138 | Elf:1    | Found a huge runed gate.
 11138 | Elf:1    | Found a huge runed gate.
 11139 | Elf:1    | Found a huge runed gate.
 11140 | Elf:1    | Found a huge runed gate.
 11141 | Elf:1    | Found a huge runed gate.
 11142 | Elf:1    | Found a huge runed gate.
 11143 | Elf:1    | Lost mutation: You regenerate. [Jiyva's grace]
 11143 | Elf:1    | Lost mutation: You heal very quickly. [Jiyva's grace]
 11143 | Elf:1    | Lost mutation: You are vulnerable to cold. (rC-) [Jiyva's
                  | grace]
 11143 | Elf:1    | Lost mutation: You are vulnerable to heat. (rF-) [Jiyva's
                  | grace]
 11143 | Elf:1    | Gained mutation: You have a beak for a mouth. [Jiyva's
                  | grace]
 11143 | Elf:1    | Gained mutation: Your mind is acute. (Int +4, Str/Dex -1)
                  | [Jiyva's grace]
 11143 | Elf:1    | Gained mutation: Your mind is very acute. (Int +8, Str/Dex
                  | -2) [Jiyva's grace]
 11143 | Elf:1    | Gained mutation: Your melee attacks may engulf your foes in
                  | ooze. [Jiyva's grace]
 11143 | Elf:1    | Found a huge runed gate.
 11144 | Elf:1    | Found a huge runed gate.
 11147 | Elf:1    | Found a huge runed gate.
 11148 | Elf:1    | Found a huge runed gate.
 11149 | Elf:1    | Found a huge runed gate.
 11163 | Elf:1    | Found a huge runed gate.
 11164 | Elf:1    | Found a huge runed gate.
 11165 | Elf:1    | Found a huge runed gate.
 11191 | Elf:1    | Identified the +4 ring mail of the Wheelwright {Will- Str+5
                  | Dex+3}
 11321 | Elf:1    | Noticed a red very ugly thing
 11321 | Elf:1    | Noticed a green very ugly thing
 11321 | Elf:1    | Noticed a hellephant
 11321 | Elf:1    | Noticed a green very ugly thing
 11321 | Elf:1    | Noticed a brown very ugly thing
 11337 | Elf:1    | Killed a cyan very ugly thing
 11339 | Elf:1    | Killed a cyan very ugly thing
 11340 | Elf:1    | Killed a cyan very ugly thing
 11341 | Elf:1    | Gained mutation: Your presence sometimes corrodes those you
                  | injure. [demonic ancestry]
 11341 | Elf:1    | Reached XP level 15. HP: 65/103 MP: 3/27
 11348 | Elf:1    | Identified the +5 glaive of Zin's Fury {protect, Fragile
                  | Will+ Dex+5}
 11355 | Elf:1    | Killed a hellephant
 11441 | Elf:2    | Found Isimak's Distillery.
 11457 | Elf:2    | Reached skill level 10 in Fire Magic
 11546 | Elf:2    | Bought a potion of might for 52 gold pieces
 11546 | Elf:2    | Bought a potion of mutation for 104 gold pieces
 11546 | Elf:2    | Bought a potion of brilliance for 52 gold pieces
 11546 | Elf:2    | Bought a potion of heal wounds for 65 gold pieces
 11546 | Elf:2    | Bought a potion of curing for 39 gold pieces
 11546 | Elf:2    | Bought a potion of heal wounds for 65 gold pieces
 11546 | Elf:2    | Bought a potion of magic for 104 gold pieces
 11546 | Elf:2    | Bought a potion of heal wounds for 65 gold pieces
 11577 | Elf:3    | Entered Level 3 of the Elven Halls
 11641 | Elf:3    | Reached skill level 5 in Shields
 11644 | Elf:3    | Noticed a Brimstone Fiend
 11759 | Elf:3    | Reached skill level 5 in Summonings
 11774 | Elf:3    | Noticed a deep elf sorcerer
 11777 | Elf:3    | Noticed an Executioner
 11777 | Elf:3    | Noticed a deep elf sorcerer
 11779 | Elf:3    | Noticed a deep elf sorcerer
 11780 | Elf:3    | Noticed a deep elf sorcerer
 11783 | Elf:3    | Noticed a deep elf master archer
 11783 | Elf:3    | Noticed a deep elf blademaster
 11787 | Elf:3    | Killed a deep elf sorcerer
 11788 | Elf:3    | Noticed an Ice Fiend
 11790 | Elf:3    | Noticed an Ice Fiend
 11790 | Elf:3    | Killed a deep elf sorcerer
 11797 | Abyss:3  | Cast into level 3 of the Abyss (a deep elf sorcerer)
 11846 | Abyss:3  | Noticed a walking earthen tome
 11852 | Abyss:3  | Noticed a profane servitor
 11884 | Abyss:3  | Lost mutation: You have a beak for a mouth. [potion of
                  | mutation]
 11884 | Abyss:3  | Lost mutation: You have a small jelly attached to you that
                  | senses nearby items. [potion of mutation]
 11884 | Abyss:3  | Lost mutation: Your system is resistant to poisons. (rPois)
                  | [potion of mutation]
 11884 | Abyss:3  | Gained mutation: You have supernaturally acute eyesight.
                  | (SInv) [potion of mutation]
 11890 | Abyss:3  | Noticed a tentacled starspawn
 11902 | Abyss:3  | Upgraded the game from 0.30.0-30-g96aa6591b8 to 0.30.1
 11909 | Abyss:3  | Found a corrupted altar of Lugonu.
 11960 | Abyss:3  | Noticed a tentacled starspawn
 12215 | Abyss:3  | Learned a level 3 spell: Confusing Touch
 12220 | Abyss:3  | Learned a level 4 spell: Dispel Undead
 12234 | Abyss:3  | Noticed a tentacled starspawn
 12277 | Abyss:3  | Lost mutation: You are partially covered in large bone
                  | plates. (SH +4) [mutagenic glow]
 12279 | Elf:3    | Escaped the Abyss
 12289 | Elf:3    | Killed a deep elf sorcerer
 12290 | Elf:3    | Paralysed by an air elemental for 1 turns
 12291 | Elf:3    | HP: 4/98 [air elemental (4)]
 12292 | Elf:3    | Gained mutation: You are occasionally teleported next to
                  | monsters. [mutagenic glow]
 12294 | Elf:3    | Paralysed by an air elemental for 1 turns
 12294 | Elf:3    | Slain by an air elemental

Illustrated notes

Levels and vault maps discovered:
D:1:      pf_arrival_petrified_forest, layout_rooms,
          shapermc_ecumenical_altar_ellora
D:2:      layout_basic
D:3:      layout_basic, nicolae_qazlal_general_emergency,
          mainiacjoe_overflow_six_doors_small, uniq_sigmund,
          uniq_crazy_yiuf_cottage, uniq_natasha, uniq_ijyb
D:4:      layout_loops_ring, minmay_temple_entry_sparse_star,
          nicolae_ossuary_entry_monument, serial_shops, shop_coins,
          minmay_snake_closets
D:5:      layout_cave_pools
D:6:      layout_basic, mainiacjoe_overflow_surrounded_room, kennysheep_potato
D:7:      lemuel_ice_spiral_2, layout_basic, enter_bailey_4, uniq_menkaure,
          uniq_maggie
D:8:      layout_loops_corners, mainiacjoe_overflow_boulevard,
          grunt_temple_overflow_open, serial_shops,
          nicolae_shop_window_shopping, minmay_strange_pillars
D:9:      layout_roguey, david_orc_2
D:10:     minmay_the_grid_four_pointed_star
          [minmay_the_grid_triangle_9x9_minimal,
          minmay_the_grid_triangle_9x9_corrupted_corridor,
          minmay_the_grid_triangle_9x9_flanged_cone,
          minmay_the_grid_triangle_9x9_empty,
          minmay_the_grid_prize_shrinking_boxes], layout_irregular_city,
          chequers_temple_overflow_statue_of_worship,
          nicolae_hepliaklqana_hazy_memory, grunt_lair_entry_orc_guard_hut,
          grunt_decor_one_mirror
Temple:   nicolae_temple_godzebo
Lair:1:   layout_loops_ring, special_room [special_room_bee],
          cheibrodos_lair_reptile_den, infiniplex_staircase_pool
Lair:2:   layout_cave_pods, nicolae_spider_entry_tight_spaces,
          infiniplex_staircase_pool_2
Orc:1:    layout_caves, enter_volcano_3, gammafunk_ghost_smash,
          nicolae_orc_stony_grotto, nicolae_orc_tapped_out
Orc:2:    st_orc_town, layout_caves, portal_ice_cave_entry_animals_and_master,
          uniq_snorg
Elf:1:    eino_elf_arrival_the_gate, layout_loops_corners,
          hangedman_elven_crosses_minicolossus, minivault_4, minivault_24,
          not_door_vault_due, uniq_roxanne
Elf:2:    elven_hall_of_blades_hangedman_original
          [nicolae_blade_entry_splitting_headache], layout_loops_corners,
          serial_shops, shop, item_on_display_a
Elf:3:    minmay_elf_hall_quartered_circle, layout_gridlike,
          grunt_ministairs_14, hex_large, minmay_misc_feat_ornament

Skill      XL: |  1  2  3  4  5  6  7  8  9 10 11 12 13 14 15 |
---------------+----------------------------------------------+-----
Fire Magic     | 3 4 5 6 7 8 9 10 | 10.4
Long Blades    | 1 2 4 5 6 |  6.0
Stealth        | 2 3 |  3.4
Fighting       | 1 2 3 4 5 |  5.2
Transmutations | 1 2 3 6 8 |  8.1
Spellcasting   | 3 4 5 6 7 8 9 |  9.5
Axes           | 1 |  1.0
Conjurations   | 2 4 5 |  5.4
Poison Magic   | 2 3 5 7 8 |  8.5
Armour         | 1 3 4 5 6 |  6.9
Dodging        | 2 3 4 5 6 |  6.0
Shields        | 2 3 4 5 |  5.3
Air Magic      | 2 3 |  3.6
Necromancy     | 3 4 5 |  5.6
Translocations | 2 3 4 6 7 |  7.0
Ice Magic      | 2 3 |  3.1
Evocations     | 2 3 4 6 7 |  7.1
Summonings     | 2 4 5 |  5.2
Staves         | 3 4 |  4.2

Action                     |  1- 3 |  4- 6 |  7- 9 | 10-12 | 13-15 || total
---------------------------+-------+-------+-------+-------+-------++-------
  Melee: Unarmed           |     5 |       |       |       |       ||     5
         Long sword        |    60 |    20 |       |       |       ||    80
         Tailslap          |     6 |     3 |    12 |    12 |   109 ||   142
         Hand axe          |       |    14 |       |       |       ||    14
         Falchion          |       |     4 |    60 |    72 |   458 ||   594
         Punch             |       |       |     2 |       |       ||     2
         Staff             |       |       |       |       |   105 ||   105
         Kick              |       |       |       |       |    34 ||    34
         Peck              |       |       |       |       |    11 ||    11
   Cast: Foxfire           |    30 |    39 |    32 |    18 |    89 ||   208
         Scorch            |     2 |    29 |    59 |    52 |   159 ||   301
         Sting             |       |       |     5 |       |       ||     5
         Poisonous Vapours |       |       |     4 |       |       ||     4
         Olgreb's Toxic Ra |       |       |       |     6 |    82 ||    88
         Flame Wave        |       |       |       |     6 |    34 ||    40
         Volatile Blastmot |       |       |       |     1 |       ||     1
         Summon Small Mamm |       |       |       |       |    14 ||    14
 Invoke: Slimify           |       |       |     3 |       |     2 ||     5
         Oozemancy         |       |       |     1 |     1 |     5 ||     7
  Evoke: Wand              |       |       |       |       |     4 ||     4
         Phantom mirror    |       |       |       |       |     3 ||     3
         Box of beasts     |       |       |       |       |     2 ||     2
         Phial of floods   |       |       |       |       |     1 ||     1
    Use: Scroll            |     5 |     8 |     1 |     4 |    19 ||    37
         Potion            |       |     1 |     5 |     2 |    20 ||    28
   Stab: Sleeping          |     2 |       |     1 |     4 |     8 ||    15
         Distracted        |       |       |       |       |     3 ||     3
 Armour: Ring mail         |    22 |     8 |    15 |       |       ||    45
         Robe              |     1 |       |       |       |    56 ||    57
         Skin              |       |    26 |       |       |       ||    26
         Steam dragon scal |       |       |     8 |    16 |    65 ||    89
         Fire dragon scale |       |       |       |       |    12 ||    12
  Dodge: Dodged            |    57 |    32 |    45 |    65 |   400 ||   599
  Block: Other             |       |     4 |    18 |     3 |       ||    25
         Kite shield       |       |       |       |    54 |   706 ||   760
         Reflection        |       |       |       |     1 |    11 ||    12
